Map: Romanticide LE

Players

JimRising

  • Race: Zerg Zerg

TerraN - Winner!

  • Race: Terran Terran

Event: DreamHack SC2 Masters 2021 Winter

VOD

Have the link to the VOD?

Description

Time

  • Played on: Sept. 29, 2021, 3:13 p.m.
  • Length: 4:16

All games in this series

Show
View Real Time Build Order
Export as new Build Order

JimRising Zerg 

Build Orders: Hatch First, Zergling Baneling 

Get SALT Encoding   

  12  0:00  Drone  
  13  0:12  Overlord  
  13  0:17  Drone  
  14  0:32  Drone x2  
  16  0:49  Hatchery  
  15  0:51  Drone  
  15  0:55  Drone  
  17  0:59  Drone  
  18  1:05  Extractor  
  17  1:15  Spawning Pool  
  16  1:18  Drone  
  16  1:20  Drone  
  18  1:28  Drone  
  19  1:41  Drone  
  20  1:49  Overlord  
  20  2:02  Zergling x4, Queen  
  20  2:03  Queen  
  26  2:08  Metabolic Boost  
  26  2:12  Zergling x2  
  27  2:16  Zergling x2  
  28  2:25  Overlord  
  28  2:27  Zergling x2  
  29  2:32  Zergling x2  
  30  2:37  Zergling x2, Baneling Nest  
  30  2:43  Zergling x2  
  31  2:54  Zergling x4  
  32  2:58  Zergling x2  
  32  3:04  Overlord  
  33  3:09  Zergling x2  
  34  3:18  Zergling x6  
  37  3:27  Zergling x2  
  38  3:38  Zergling x2  
  37  3:47  Baneling x7  
  37  3:48  Baneling  
  37  3:49  Zergling x2  
  37  3:53  Zergling x6  
Show
View Real Time Build Order
Export as new Build Order

TerraN Terran - Winner!

Build Orders:  

Get SALT Encoding   

  12  0:00  SCV  
  13  0:12  SCV  
  14  0:18  Supply Depot  
  14  0:26  SCV  
  15  0:40  Barracks  
  15  0:51  Barracks  
  15  1:04  Barracks  
  15  1:07  SCV  
  16  1:19  SCV  
  17  1:28  Marine  
  17  1:32  SCV  
  19  1:38  Marine  
  20  1:45  Orbital Command  
  20  1:46  Marine  
  21  1:51  Marine  
  22  1:55  Marine  
  22  2:00  Supply Depot  
  23  2:06  Bunker  
  23  2:17  Bunker  
  23  2:21  Marine x3  
  26  2:26  SCV  
  26  2:28  Refinery  
  27  2:38  SCV  
  27  2:39  Marine x2  
  30  2:50  Marine  
  31  3:02  Supply Depot  
  31  3:04  Bunker  
  31  3:19  Supply Depot  
  31  3:20  Bunker  
  31  3:24  SCV  
  32  3:36  SCV  
  32  3:39  Factory  
  32  3:40  Bunker  
  33  3:48  SCV  
  33  3:52  Engineering Bay  
  33  3:53  Engineering Bay  
  34  4:00  Supply Depot, SCV  
  35  4:06  Command Center  

Tags
 
Add a new tag
Caveats
  • Supply blocks, unpowered buildings, or Contaminate may cause inaccurate times.
  • Supply counts are checked every 10 seconds.